 Dungeon Crawl Stone Soup version 0.28-a0-312-gbced6e68ee (webtiles) character file.

Game seed: 5761297925236961925

87 zazu2006 the Magician (level 4, 0/55 HPs)
             Began as a Naga Hedge Wizard on Aug 31, 2021.
             Slain by an orc (4 damage)
             ... on level 3 of the Dungeon.
             The game lasted 00:04:37 (3080 turns).

zazu2006 the Magician (Naga Hedge Wizard)           Turns: 3080, Time: 00:04:37

Health: 0/55       AC: 22    Str: 12    XL:     4   Next: 51%
Magic:  1/10       EV:  1    Int: 16    God:
Gold:   70         SH:  0    Dex: 10    Spells: 2/11 levels left

rFire   . . .      SeeInvis +   f - +1 short sword (flame)
rCold   . . .      Faith    .   (no shield)
rNeg    + + +      Spirit   .   (armour currently unavailable)
rPois   +          Reflect  .   (helmet currently unavailable)
rElec   .          Harm     .   (cloak currently unavailable)
rCorr   .          Rampage  .   (gloves currently unavailable)
Will    .....      NoTele   +   (no barding)
Stlth   ++........              (no amulet)
HPRegen 0.18/turn               (no ring)
MPRegen 0.12/turn               (no ring)

@: tree-form, very slightly contaminated
A: stationary, stasis, torment immunity, boosted hp, AC +1, large, see
invisible, (deformed body), (poison resistance), (slowness 2), spit poison 1,
(naga tail 1)
a: Spit Poison


You were on level 3 of the Dungeon.
You were a tree.
You visited 1 branch of the dungeon, and saw 3 of its levels.

You collected 81 gold pieces.
You spent 11 gold pieces at shops.

Inventory:

Hand Weapons
 f - a +1 short sword of flaming (weapon)
Armour
 b - a +0 robe (melded)
 c - a +0 hat (melded)
 i - a +0 cloak (melded)
Scrolls
 a - a scroll of enchant armour {unknown}
 e - 3 scrolls of identify {unknown}
 g - a scroll of blinking {unknown}
 j - a scroll of teleportation {unknown}
 k - 2 scrolls of amnesia {unknown}
 l - 2 scrolls of magic mapping {unknown}
Potions
 h - a potion of mutation {unknown}


   Skills:
 + Level 0.4 Fighting
 + Level 2.1 Dodging
 + Level 3.3 Stealth
 + Level 4.0 Spellcasting
 + Level 1.9 Conjurations
 + Level 1.0 Summonings
 + Level 1.0 Translocations
 * Level 0.3 Poison Magic


You had 2 spell levels left.
You knew the following spells:

 Your Spells              Type           Power      Damage    Failure   Level
a - Magic Dart            Conj           36%        1d4       8%          1
b - Mephitic Cloud        Conj/Pois/Air  5%         N/A       36%         3
c - Conjure Flame         Conj/Fire      6%         6-21      32%         3
d - Blink                 Tloc           N/A        N/A       17%         2

Your spell library contained the following spells:

 Spells                   Type           Power      Damage    Failure   Level
 Call Imp                 Summ           6%         N/A       17%         2
 Slow                     Hex            3%         N/A       26%         2


Dungeon Overview and Level Annotations

Branches:
Dungeon (3/15)

Altars:
Elyvilon

Shops:
D:2 ?


Innate Abilities, Weirdness & Mutations

You are a tree.
Your roots penetrate the ground, keeping you stationary.
You cannot be teleported.
You are immune to unholy pain and torment.
Your maximum health is greatly increased.
Your equipment is partially melded.
((Your serpentine skin is tough. (AC +1)))
You have supernaturally acute eyesight. (SInv)
((Armour fits poorly on your strangely shaped body.))
((Your system is resistant to poisons. (rPois)))
((You cover ground very slowly.))
You can spit poison.
((You have a snake-like lower body.))


Message History

Casting: Magic Dart (safe; 8% risk of failure)
Confirm with . or Enter, or press ? or * to list all spells.
Aiming: Magic Dart (safe; 8% risk of failure)
Press: ? - help, Shift-Dir - straight line, f - orc
Aim: an orc, wielding a +0 short sword and wearing a +0 scale mail (heavily wounded, 100% to hit)
The magic dart hits the orc.
The orc is heavily wounded.
The orc closely misses you.
You hit the orc but do no damage.
The orc is heavily wounded.
The orc hits you with a +0 short sword.
* * * LOW HITPOINT WARNING * * *
Casting: Magic Dart (safe; 8% risk of failure)
Confirm with . or Enter, or press ? or * to list all spells.
The spell is quite dangerous to cast (36% risk of failure)!
Continue anyway?
Aiming: Mephitic Cloud (quite dangerous; 36% risk of failure)
Press: ? - help, Shift-Dir - straight line, f/p - orc
Aim: an orc, wielding a +0 short sword and wearing a +0 scale mail (heavily wounded, chance to affect: 96%)
You miscast Mephitic Cloud.
You are very lightly contaminated with residual magic.
Nothing appears to happen.
The orc hits you with a +0 short sword.
* * * LOW HITPOINT WARNING * * *
Unknown command.
It was a potion of lignification.
You turn into a tree.
Your +0 cloak melds into your body.
Your +0 hat melds into your body.
Your +0 robe melds into your body.
Your roots penetrate the ground.
The orc hits you but does no damage.
You hit the orc but do no damage.
The orc is heavily wounded.
The orc hits you but does no damage.
You completely miss the orc.
The orc is heavily wounded.
The orc hits you but does no damage.
You hit the orc but do no damage.
The orc is heavily wounded.
The orc hits you but does no damage. x2
You barely miss the orc.
The orc is heavily wounded.
The orc hits you with a +0 short sword.
You die...

#...# #....)...#.#####
##.## ##.......#......
##.# #.............#
##.# #...#.#.#####.#
##.# #............[#
##.# .#.......####..#
##.# ...)..#...####..#
##.##..........o......##
..oo........#..)♣.......
...............#####....
.#............. .##
.#..#.†...####.
....##...## #. .##.#
#.## #^ ###.# .# #. #.#
# #. # #.###.#


You could see an orc.

Vanquished Creatures
  2 adders
  A worm (D:2)
  A dart slug (D:1)
  5 orcs (D:3)
  5 endoplasms (D:1)
  6 goblins (D:1)
  5 hobgoblins
  A jackal (D:1)
  10 kobolds
  3 quokkas
  4 ball pythons
  5 bats
  5 frilled lizards
  4 rats
57 creatures vanquished.

Vanquished Creatures (others)
  11 plants (D:2)
11 creatures vanquished.

Grand Total: 68 creatures vanquished

Notes
Turn   | Place    | Note
-------+----------+-------------------------------------------
     0 | D:1      | zazu2006 the Naga Hedge Wizard began the quest for the Orb.
     0 | D:1      | Reached XP level 1. HP: 15/15 MP: 4/4
   528 | D:1      | Reached XP level 2. HP: 22/22 MP: 3/6
  1152 | D:1      | Reached XP level 3. HP: 28/28 MP: 6/8
  1158 | D:1      | Learned a level 3 spell: Mephitic Cloud
  1162 | D:1      | Learned a level 3 spell: Conjure Flame
  1165 | D:1      | Learned a level 2 spell: Blink
  1605 | D:1      | Found a faded altar of an unknown god.
  2341 | D:2      | Found a white marble altar of Elyvilon.
  2405 | D:2      | Found Cudodyes's Magic Scroll Emporium.
  2415 | D:2      | Bought a scroll of noise for 11 gold pieces
  2467 | D:2      | Reached XP level 4. HP: 37/37 MP: 3/9
  2844 | D:3      | Reached skill level 4 in Spellcasting
  3080 | D:3      | Slain by an orc

Illustrated notes

Levels and vault maps discovered:
D:1:      dpeg_arrival_round_c, layout_loops_corners,
          dreamdust_ecumenical_altar_hidden_monk_grotto, st_stairs_7
D:2:      layout_rooms, serial_shops, nicolae_lakefront_shop, basic_altar,
          lexackson_kobold_supper
D:3:      layout_loops_ring, amcnicky_altar_gilded, serial_shops, shop,
          serial_park_tiny_1

Skill      XL: |  1  2  3  4 |
---------------+-------------+-----
Dodging        | 2 |  2.1
Spellcasting   | 4 |  4.0
Fighting       | |  0.4
Stealth        | |  3.3
Conjurations   | |  1.9
Summonings     | |  1.0
Translocations | |  1.0
Poison Magic   | |  0.3

Action                   |  1- 3 |  4- 6 || total
-------------------------+-------+-------++-------
Melee: Dagger            |     4 |       ||     4
       Short sword       |    54 |    21 ||    75
 Cast: Magic Dart        |    77 |    22 ||    99
 Abil: Spit Poison       |     4 |       ||     4
  Use: Potion            |       |     1 ||     1
Armor: Robe              |    15 |     4 ||    19
       Skin              |       |     5 ||     5
Dodge: Dodged            |    55 |    12 ||    67

Table legend: (Time is in decaauts)
 A = Elapsed time spent in this place.
 B = Non-inter-level travel time spent in this place.
 C = Inter-level travel time spent in this place.
 D = Time resting spent in this place.
 E = Time spent auto-exploring this place.
 F = Levels seen in this place.
 G = Mean time per level.
                   A        B        C        D        E       F      G
               +--------+--------+--------+--------+--------+-----+--------+
         Total |   3740 |   3623 |    117 |      0 |   3188 |   3 | 1246.7 |
       Dungeon |   3740 |   3623 |    117 |      0 |   3188 |   3 | 1246.7 |
               +--------+--------+--------+--------+--------+-----+--------+

Top non-repeatable levels by time:
     D:1: 2034 daAuts
     D:2: 1342 daAuts
     D:3: 362 daAuts
